3AAA
SUNSET DISTRICT FOG @ SIOUX FALLS RED PANDAS
08/18/2030
 
TOP OF THE 1ST
Sunset District Fog batting - Pitching for Sioux Falls Red Pandas : RHP Henry Yates
Pitching: RHP Henry Yates
Batting: SHB Orlando Villa 0-0: Called Strike
0-1: Foul Ball, location: 2F
0-2: Fly out, F6 (Popup, 6D)
Batting: LHB Armando Carmona 0-0: Ball
1-0: Ball
2-0: Ball
3-0: Base on Balls
Batting: RHB Alfonso Nazario 0-0: Ball
Armando Carmona is caught stealing 2nd base
1-0: SOLO HOME RUN (Flyball, 7D), Distance : 421 ft
Batting: RHB Colin O'Connell 0-0: Swinging Strike
0-1: Ball
1-1: Fly out, F5 (Flyball, 5D)
Top of the 1st over - 1 run, 1 hit, 0 errors, 0 left on base; Sunset District 1 - Sioux Falls 0
BOTTOM OF THE 1ST
Sioux Falls Red Pandas batting - Pitching for Sunset District Fog : LHP Roberto Silva
Pitching: LHP Roberto Silva
Batting: RHB Dave Henderson 0-0: Ball
1-0: Ball
2-0: Called Strike
2-1: Foul Ball, location: 2F
2-2: Ground out 6-3 (Groundball, 6)
Batting: RHB Lorenzo Díaz 0-0: Foul Ball, location: 2F
0-1: Ball
1-1: Ball
2-1: Fly out, F7 (Line Drive, 7LM)
Batting: RHB Pau Arria 0-0: SINGLE (Flyball, 89S)
Batting: RHB Russell Jackson 0-0: Ball
1-0: Ball
2-0: Ball
3-0: Called Strike
3-1: Base on Balls
Pau Arria to second
Batting: RHB Juan Aguirre 0-0: Ball
1-0: Ball
2-0: Ball
3-0: Called Strike
3-1: Base on Balls
Pau Arria to third
Russell Jackson to second
Batting: RHB John MacGregor 0-0: Ball
1-0: Ball
2-0: Ball
3-0: Base on Balls
Pau Arria scores
Russell Jackson to third
Juan Aguirre to second
Batting: LHB Jorge Flores 0-0: Ball
1-0: Ball
2-0: Called Strike
2-1: Foul Ball, location: 2F
2-2: Fly out, F8 (Flyball, 89M)
Bottom of the 1st over - 1 run, 1 hit, 0 errors, 3 left on base; Sunset District 1 - Sioux Falls 1
TOP OF THE 2ND
Sunset District Fog batting - Pitching for Sioux Falls Red Pandas : RHP Henry Yates
Batting: RHB José Vargas 0-0: Called Strike
0-1: SINGLE (Line Drive, 8LM)
Batting: LHB Enrique Vásquez 0-0: Ball
1-0: Ball
2-0: Swinging Strike
2-1: Ball
3-1: Base on Balls
José Vargas to second
Batting: SHB José Ángel 0-0: Fielders Choice at 2nd, 6-4 (Groundball, 6)
José Vargas to third
Batting: RHB Diego Rodríguez 0-0: Ball
1-0: Ball
Balk!
José Vargas scores
José Ángel to second
2-0: Ground out 5-3 (Groundball, 56)
Batting: SHB Esteban Lugo 0-0: Called Strike
0-1: Ball
1-1: Called Strike
1-2: Ball
2-2: Fly out, F7 (Flyball, 7LSF)
Top of the 2nd over - 1 run, 1 hit, 0 errors, 1 left on base; Sunset District 2 - Sioux Falls 1
BOTTOM OF THE 2ND
Sioux Falls Red Pandas batting - Pitching for Sunset District Fog : LHP Roberto Silva
Batting: SHB Carlos Kramer 0-0: Foul Ball, location: 2F
0-1: Ball
1-1: Ball
2-1: Fly out, F5 (Line Drive, 5)
Batting: LHB Enrique Ortega 0-0: Fly out, F9 (Flyball, 89M)
Batting: RHB Dave Henderson 0-0: Ball
1-0: Ball
2-0: Ball
3-0: Called Strike
3-1: SINGLE (Groundball, 6D)
Batting: RHB Lorenzo Díaz 0-0: Called Strike
0-1: Called Strike
0-2: Ball
1-2: Ball
2-2: Ground out 3-1 (Groundball, 3)
Bottom of the 2nd over - 0 runs, 1 hit, 0 errors, 1 left on base; Sunset District 2 - Sioux Falls 1
TOP OF THE 3RD
Sunset District Fog batting - Pitching for Sioux Falls Red Pandas : RHP Henry Yates
Batting: SHB Orlando Villa 0-0: Ball
1-0: Ball
2-0: Fly out, F8 (Flyball, 8LM)
Batting: LHB Armando Carmona 0-0: Ball
1-0: Ball
2-0: Called Strike
2-1: Swinging Strike
2-2: Strikes out swinging
Batting: RHB Alfonso Nazario 0-0: Ball
1-0: Foul Ball, location: 2F
1-1: Ball
2-1: SINGLE (Line Drive, 7LM)
Batting: RHB Colin O'Connell 0-0: Ball
1-0: Ball
2-0: Foul Ball, location: 2F
2-1: Fly out, F9 (Flyball, 89D)
Top of the 3rd over - 0 runs, 1 hit, 0 errors, 1 left on base; Sunset District 2 - Sioux Falls 1
BOTTOM OF THE 3RD
Sioux Falls Red Pandas batting - Pitching for Sunset District Fog : LHP Roberto Silva
Batting: RHB Pau Arria 0-0: Ball
1-0: Ball
2-0: Called Strike
2-1: Ground out U3 (Groundball, 34)
Batting: RHB Russell Jackson 0-0: Called Strike
0-1: SINGLE (Flyball, 7S)
Batting: RHB Juan Aguirre 0-0: Called Strike
0-1: Ball
1-1: Ball
2-1: Ball
3-1: Called Strike
3-2: Grounds into double play, 6-4-3 (Groundball, 6)
Bottom of the 3rd over - 0 runs, 1 hit, 0 errors, 0 left on base; Sunset District 2 - Sioux Falls 1
TOP OF THE 4TH
Sunset District Fog batting - Pitching for Sioux Falls Red Pandas : RHP Henry Yates
Batting: RHB José Vargas 0-0: Fly out, F9 (Flyball, 9)
Batting: LHB Enrique Vásquez 0-0: SINGLE (Line Drive, 8RS)
Batting: SHB José Ángel 0-0: Ball
Enrique Vásquez steals 2nd base
1-0: Ball
2-0: Ball
3-0: Called Strike
3-1: Base on Balls
Batting: RHB Diego Rodríguez 0-0: Called Strike
0-1: Fly out, F7 (Line Drive, 7LS)
Batting: SHB Esteban Lugo 0-0: Ball
1-0: Ball
2-0: Ball
3-0: Base on Balls
Enrique Vásquez to third
José Ángel to second
Batting: SHB Orlando Villa 0-0: Ball
1-0: Fly out, F7 (Flyball, 78S)
Top of the 4th over - 0 runs, 1 hit, 0 errors, 3 left on base; Sunset District 2 - Sioux Falls 1
BOTTOM OF THE 4TH
Sioux Falls Red Pandas batting - Pitching for Sunset District Fog : LHP Roberto Silva
Batting: RHB John MacGregor 0-0: Swinging Strike
0-1: Ball
1-1: Called Strike
1-2: Ball
2-2: Fly out, F7 (Flyball, 7LM)
Batting: LHB Jorge Flores 0-0: Called Strike
0-1: Ground out 4-3 (Groundball, 4)
Batting: SHB Carlos Kramer 0-0: Fly out, F3 (Line Drive, 4)
Bottom of the 4th over - 0 runs, 0 hits, 0 errors, 0 left on base; Sunset District 2 - Sioux Falls 1
TOP OF THE 5TH
Sunset District Fog batting - Pitching for Sioux Falls Red Pandas : RHP Henry Yates
Batting: LHB Armando Carmona 0-0: Called Strike
0-1: Foul Ball, location: 2F
0-2: Strikes out swinging
Batting: RHB Alfonso Nazario 0-0: Called Strike
0-1: Ball
1-1: Foul Ball, location: 2F
1-2: Ball
2-2: Ball
3-2: Base on Balls
Batting: RHB Colin O'Connell 0-0: Called Strike
0-1: Swinging Strike
0-2: Ball
1-2: Fly out, F4 (Line Drive, 4)
Batting: RHB José Vargas 0-0: Ball
1-0: Fly out, F8 (Line Drive, 8RD)
Top of the 5th over - 0 runs, 0 hits, 0 errors, 1 left on base; Sunset District 2 - Sioux Falls 1
BOTTOM OF THE 5TH
Sioux Falls Red Pandas batting - Pitching for Sunset District Fog : LHP Roberto Silva
Batting: LHB Enrique Ortega 0-0: Fly out, F7 (Line Drive, 78M)
Batting: RHB Dave Henderson 0-0: Ball
1-0: Called Strike
1-1: Fly out, F8 (Line Drive, 8RM)
Batting: RHB Lorenzo Díaz 0-0: Called Strike
0-1: DOUBLE (Flyball, 89D)
Batting: RHB Pau Arria 0-0: Ball
1-0: Ball
2-0: Called Strike
2-1: Foul Ball, location: 2F
2-2: Fly out, F2 (Popup, 2RF)
Bottom of the 5th over - 0 runs, 1 hit, 0 errors, 1 left on base; Sunset District 2 - Sioux Falls 1
TOP OF THE 6TH
Sunset District Fog batting - Pitching for Sioux Falls Red Pandas : RHP Henry Yates
Batting: LHB Enrique Vásquez 0-0: Ball
1-0: Ball
2-0: Ball
3-0: Base on Balls
Pitching: RHP Valentín Montenegro
Batting: SHB José Ángel 0-0: Ball
1-0: Ball
2-0: Ball
3-0: Called Strike
3-1: Sac Bunt - play at first, batter safe!
Enrique Vásquez to second
Batting: RHB Diego Rodríguez 0-0: Bunted foul
0-1: Bunted foul
0-2: Ball
1-2: DOUBLE (Line Drive, 3D)
Enrique Vásquez scores
José Ángel to third
Batting: SHB Esteban Lugo 0-0: Fly out, F7 (Flyball, 7LS)
Runner from 3rd tags up, SCORES, no throw
Batting: SHB Orlando Villa 0-0: Ball
1-0: Called Strike
1-1: Called Strike
1-2: Ball
2-2: Foul Ball, location: 2F
2-2: Strikes out looking
Batting: LHB Armando Carmona 0-0: Called Strike
0-1: Ball
1-1: Foul Ball, location: 2F
1-2: Ball
2-2: Strikes out looking
Top of the 6th over - 2 runs, 2 hits, 0 errors, 1 left on base; Sunset District 4 - Sioux Falls 1
BOTTOM OF THE 6TH
Sioux Falls Red Pandas batting - Pitching for Sunset District Fog : LHP Roberto Silva
Batting: RHB Russell Jackson 0-0: Called Strike
0-1: Ball
1-1: Ground out 6-3 (Groundball, 6S)
Batting: RHB Juan Aguirre 0-0: SINGLE (Groundball, 4D)
Batting: RHB John MacGregor 0-0: Called Strike
0-1: SINGLE (Flyball, 9LS)
Juan Aguirre to second
Runner from 2nd tries for 3rd, SAFE, no throw
Batting: LHB Jorge Flores 0-0: Ball
1-0: Called Strike
1-1: Ball
2-1: Fly out, F7 (Flyball, 78XD)
Runner from 3rd tags up, SCORES, no throw
Now in LF: Pedro Tapia
Batting: SHB Carlos Kramer 0-0: Ball
1-0: Ball
2-0: SINGLE (Groundball, 56D)
John MacGregor to second
Batting: LHB Enrique Ortega 0-0: Ball
1-0: Ground out U3 (Groundball, 23)
Bottom of the 6th over - 1 run, 3 hits, 0 errors, 2 left on base; Sunset District 4 - Sioux Falls 2
TOP OF THE 7TH
Sunset District Fog batting - Pitching for Sioux Falls Red Pandas : RHP Valentín Montenegro
Batting: RHB Alfonso Nazario 0-0: Ball
1-0: Ball
2-0: Ball
3-0: Called Strike
3-1: Base on Balls
Batting: RHB Colin O'Connell 0-0: Called Strike
0-1: Ball
1-1: Ball
2-1: Swinging Strike
2-2: Grounds into double play, 5-4-3 (Groundball, 56)
Batting: RHB José Vargas 0-0: Ball
1-0: Ball
2-0: Called Strike
2-1: Foul Ball, location: 2F
2-2: Foul Ball, location: 2F
2-2: Foul Ball, location: 2F
2-2: Ball
3-2: Strikes out looking
Top of the 7th over - 0 runs, 0 hits, 0 errors, 0 left on base; Sunset District 4 - Sioux Falls 2
BOTTOM OF THE 7TH
Sioux Falls Red Pandas batting - Pitching for Sunset District Fog : LHP Roberto Silva
Pitching: RHP Chae-seong Kim
Batting: RHB Dave Henderson 0-0: Ball
1-0: Ball
2-0: Ball
3-0: Base on Balls
Batting: RHB Lorenzo Díaz 0-0: Ball
1-0: Ball
2-0: Sac Bunt - play at first, batter OUT! 1-4
Dave Henderson to second
Batting: RHB Pau Arria 0-0: Ball
Passed Ball!
Dave Henderson to third
1-0: Ground out 5-3 (Groundball, 56)
Batting: RHB Russell Jackson 0-0: Called Strike
0-1: Swinging Strike
0-2: Strikes out swinging
Bottom of the 7th over - 0 runs, 0 hits, 0 errors, 1 left on base; Sunset District 4 - Sioux Falls 2
TOP OF THE 8TH
Sunset District Fog batting - Pitching for Sioux Falls Red Pandas : RHP Valentín Montenegro
Pitching: LHP Adrian Neumann
Batting: LHB Enrique Vásquez 0-0: Called Strike
0-1: Swinging Strike
0-2: Ball
1-2: Strikes out looking
Batting: SHB José Ángel 0-0: Ball
1-0: Ball
2-0: Ball
3-0: Base on Balls
Batting: LHB Pedro Tapia 0-0: Called Strike
0-1: Ball
1-1: Foul Ball, location: 2F
1-2: Ball
2-2: Foul Ball, location: 2F
2-2: DOUBLE (Line Drive, 8LXD)
José Ángel to third
Runner from 3rd tries for Home, SAFE, no throw
Batting: SHB Esteban Lugo 0-0: Ball
1-0: Ball
2-0: Called Strike
2-1: Foul Ball, location: 2F
2-2: Strikes out swinging
Batting: SHB Orlando Villa 0-0: Called Strike
0-1: Called Strike
0-2: Strikes out swinging
Top of the 8th over - 1 run, 1 hit, 0 errors, 1 left on base; Sunset District 5 - Sioux Falls 2
BOTTOM OF THE 8TH
Sioux Falls Red Pandas batting - Pitching for Sunset District Fog : RHP Chae-seong Kim
Batting: RHB Juan Aguirre 0-0: Ball
1-0: Foul Ball, location: 2F
1-1: Ball
2-1: Ball
3-1: Called Strike
3-2: SINGLE (Groundball, 3S) (infield hit)
Batting: RHB John MacGregor 0-0: Ball
1-0: Ball
2-0: Ball
3-0: Base on Balls
Juan Aguirre to second
Batting: LHB Jorge Flores 0-0: Ball
1-0: Foul Ball, location: 2F
1-1: Called Strike
1-2: Foul Ball, location: 2F
1-2: DOUBLE (Line Drive, 7LS)
Juan Aguirre scores
John MacGregor to third
Batting: SHB Carlos Kramer 0-0: Swinging Strike
0-1: Ground out U3 (Groundball, 3)
Pitching: LHP Cristo Perales
Pinch Hitting: LHB Magali Lenidas 0-0: Foul Ball, location: 2F
0-1: Foul Ball, location: 2F
0-2: Ball
1-2: Ball
2-2: Ball
3-2: Foul Ball, location: 2F
3-2: Fly out, F8 (Flyball, 89D)
Runner from 3rd tags up, OUT at HOME
Bottom of the 8th over - 1 run, 2 hits, 0 errors, 1 left on base; Sunset District 5 - Sioux Falls 3
TOP OF THE 9TH
Sunset District Fog batting - Pitching for Sioux Falls Red Pandas : LHP Adrian Neumann
Now in CF: Armando Reyes
Batting: LHB Armando Carmona 0-0: Ball
1-0: Ball
2-0: Foul Ball, location: 2F
2-1: Ball
3-1: Base on Balls
Batting: RHB Alfonso Nazario 0-0: Swinging Strike
0-1: Ball
1-1: Ball
2-1: Ball
3-1: Swinging Strike
3-2: Fly out, F3 (Popup, 3S)
Batting: RHB Colin O'Connell 0-0: Swinging Strike
0-1: Ball
1-1: Foul Ball, location: 2F
1-2: Ball
2-2: Ball
3-2: Foul Ball, location: 2F
3-2: Foul Ball, location: 2F
3-2: SINGLE (Line Drive, 34D)
Armando Carmona to second
Pitching: RHP José Caballero
Batting: RHB José Vargas 0-0: Called Strike
0-1: Ball
1-1: Ball
2-1: Foul Ball, location: 2F
2-2: Fly out, F9 (Flyball, 9LMF)
Now in RF: Arturo Maldonado
Batting: LHB Enrique Vásquez 0-0: Ball
1-0: Called Strike
1-1: Foul Ball, location: 2F
1-2: Ball
2-2: Ball
3-2: Fly out, F9 (Flyball, 89M)
Top of the 9th over - 0 runs, 1 hit, 0 errors, 2 left on base; Sunset District 5 - Sioux Falls 3
BOTTOM OF THE 9TH
Sioux Falls Red Pandas batting - Pitching for Sunset District Fog : LHP Cristo Perales
Pitching: RHP Wyatt Meek
Batting: RHB Dave Henderson 0-0: Ball
1-0: Ball
2-0: Foul Ball, location: 2F
2-1: Ground out 6-3 (Groundball, 6)
Batting: RHB Lorenzo Díaz 0-0: Ball
1-0: Ball
2-0: Called Strike
2-1: SOLO HOME RUN (Flyball, 7LD), Distance : 394 ft
Batting: RHB Pau Arria 0-0: Foul Ball, location: 2F
0-1: Ball
1-1: Foul Ball, location: 2F
1-2: Hit by Pitch
Pinch Hitting: LHB John Brewer 0-0: Ball
1-0: Called Strike
1-1: Foul Ball, location: 2F
1-2: Ball
2-2: Ball
3-2: Ground out 4-3 (Groundball, 34)
Pau Arria to second
Pinch Hitting: SHB Xavier Vásquez 0-0: Ball
1-0: Swinging Strike
1-1: SINGLE (Line Drive, 4)
Pau Arria to third
Runner from 3rd tries for Home, SAFE, no throw
Batting: RHB John MacGregor 0-0: Called Strike
0-1: DOUBLE (Flyball, 89XD)
Xavier Vásquez to third
Runner from 3rd tries for Home, SAFE, throw made at trailing runner, SAFE at third!
Sunday, March 18th, 2018 - OOTP Baseball 18.8 Build 76